 Dungeon Crawl Stone Soup version 0.31-a0-981-geadf994542 (webtiles) character file.

Game seed: 9247686429796684554

64 Arex the Stinger (level 3, -1/29 HPs)
             Began as a Draconian Venom Mage on Nov 1, 2023.
             Blown up by Ijyb (15 damage)
             ... with a mindburst bolt
             ... on level 3 of the Dungeon.
             The game lasted 00:08:39 (2925 turns).

Arex the Stinger (Draconian Venom Mage)             Turns: 2925, Time: 00:08:40

Health: -1/29      AC:  5    Str: 10    XL:     3   Next: 91%
Magic:  4/6        EV: 12    Int: 17    God:
Gold:   51         SH:  0    Dex: 11    Spells: 0/6 levels left

rFire   + . .        d - +0 short sword
rCold   x . .        (no shield)
rNeg    . . .        (body armour unavailable)
rPois   .            (helmet restricted)
rElec   .            (no cloak)
rCorr   .            (no gloves)
SInv    .            (no boots)
Will    .....        h - amulet of magic regeneration
Stlth   ++           m - ring of fire
HPRegen 0.24/turn    (no ring)
MPRegen 0.50/turn

%: no passive effects
@: no status effects
A: AC +5, unfitting armour, cold-blooded
a: no special abilities


You were on level 3 of the Dungeon.
You visited 1 branch of the dungeon, and saw 3 of its levels.

You collected 147 gold pieces.
You spent 96 gold pieces at shops.

Inventory:

Hand Weapons
 d - a +0 short sword (weapon)
Jewellery
 h - an amulet of magic regeneration (around neck)
 m - a ring of fire (left hand)
Scrolls
 b - a scroll of silence {unknown}
 c - 3 scrolls of immolation
 e - a scroll of amnesia {unknown}
 k - a scroll of noise
 l - 2 scrolls of blinking
 q - a scroll of revelation {unknown}
 r - a scroll of teleportation {unknown}
Potions
 f - 3 potions of lignification
 g - a potion of degeneration
 i - a potion of brilliance {unknown}
 j - a potion of mutation {unknown}
 n - 2 potions of haste {unknown}
 o - a potion of curing
 p - a potion of heal wounds


   Skills:
 + Level 2.2 Fighting
 + Level 2.6 Dodging
 - Level 1.7 Stealth
 - Level 2.0 Spellcasting
 - Level 1.0 Transmutations
 + Level 3.6 Poison Magic


You couldn't memorise any spells.
You knew the following spells:

 Your Spells              Type           Power      Damage    Failure   Level
a - Sting                 Tmut/Pois      36%        1d4       8%          1
b - Poisonous Vapours     Pois/Air       14%        N/A       14%         2
c - Mephitic Cloud        Conj/Pois/Air  5%         N/A       34%         3

Your spell library contained the following spells:

 Spells                   Type           Power      Damage    Failure   Level
 Blink                    Tloc           2%         N/A       28%         2
 Olgreb's Toxic Radiance  Pois           14%        N/A       38%         4
 Manifold Assault         Tloc           1%         N/A       88%         4


Dungeon Overview and Level Annotations

Branches:
Dungeon (3/15)

Altars:

Shops:
D:2 **(:=

Annotations:
D:3 Ijyb


Innate Abilities, Weirdness & Mutations

Your plain brown scales are hard. (AC +5)
You cannot fit into any form of body armour.
You are cold-blooded and may be slowed by cold attacks.


Message History

Confirm with . or Enter, or press ? or * to list all spells.
You don't have enough magic to cast this spell.
Unknown command.
You feel sick.
You feel sick.
You feel sick.
You are no longer poisoned.
Ijyb zaps a wand.
You barely resist.
You aren't carrying any items that you can evoke.
As you read the scroll of identify, it crumbles to dust.
g - a potion of degeneration Magic courses through your body.
You aren't carrying any items that you can evoke.
Sorry, you're not good enough to have a special ability.
You aren't carrying any items that you can evoke.
Casting: Sting (safe; 8% risk of failure)
Confirm with . or Enter, or press ? or * to list all spells.
Aiming: Sting (safe; 8% risk of failure)
Press: ? - help, Shift-Dir - straight line, f/p - Ijyb
Aim: Ijyb, wielding a +3 spectral club, wearing a +0 ring mail and carrying a wand of mindburst (heavily wounded, very poisoned, 64% to hit)
The sting hits Ijyb but does no damage.
Ijyb looks even sicker.
Ijyb is heavily wounded.
Casting: Sting (safe; 8% risk of failure)
Confirm with . or Enter, or press ? or * to list all spells.
Aiming: Sting (safe; 8% risk of failure)
Press: ? - help, Shift-Dir - straight line, f/p - Ijyb
Aim: Ijyb, wielding a +3 spectral club, wearing a +0 ring mail and carrying a wand of mindburst (heavily wounded, very poisoned, 64% to hit)
The sting hits Ijyb but does no damage.
Ijyb looks as sick as possible!
Ijyb is heavily wounded.
Your magical contamination has completely faded away.
Casting: Sting (safe; 8% risk of failure)
Confirm with . or Enter, or press ? or * to list all spells.
Aiming: Sting (safe; 8% risk of failure)
Press: ? - help, Shift-Dir - straight line, f/p - Ijyb
Aim: Ijyb, wielding a +3 spectral club, wearing a +0 ring mail and carrying a wand of mindburst (heavily wounded, extremely poisoned, 64% to hit)
The sting hits Ijyb.
Ijyb looks as sick as possible!
Ijyb is heavily wounded.
Ijyb zaps a wand.
Your mind is blasted!
Ouch! That really hurt!
You die...

... ##.....## #.#
##...## #.# ##'##
#.# #.# #.# #.#
#.# ### ##.##
#K###.## ##...###
#g##.#.## #.......
#@#.###.####....##
#.....##.####.#.#.
###.#.............
##.#.########.##
##.## #.## ###
#... ####


You could see Ijyb (extremely poisoned) and a kobold.

Vanquished Creatures
  An adder (D:2)
  2 worms (D:2)
  4 ball pythons
  7 bats
  5 endoplasms
  4 giant cockroaches
  5 hobgoblins
  2 jackals (D:1)
  4 quokkas
  2 frilled lizards
  4 goblins
  2 kobolds (D:1)
  A rat (D:1)
43 creatures vanquished.

Notes
Turn   | Place    | Note
-------+----------+-------------------------------------------
     0 | D:1      | Arex the Draconian Venom Mage began the quest for the Orb.
     0 | D:1      | Reached XP level 1. HP: 14/14 MP: 3/3
   304 | D:1      | Reached skill level 1 in Fighting
   304 | D:1      | Reached XP level 2. HP: 23/23 MP: 3/5
   307 | D:1      | Learned a level 2 spell: Poisonous Vapours
  1362 | D:2      | Found Wumipt's Book Shoppe.
  1457 | D:2      | Reached XP level 3. HP: 28/28 MP: 4/6
  1522 | D:2      | Found Unkarphui's Weapon Shoppe.
  1584 | D:2      | Found Xium's General Store.
  1833 | D:2      | Found a faded altar of an unknown god.
  2049 | D:2      | Learned a level 3 spell: Mephitic Cloud
  2247 | D:2      | Found Hifot's General Store.
  2253 | D:2      | Bought a potion of curing for 36 gold pieces
  2253 | D:2      | Bought a potion of heal wounds for 60 gold pieces
  2405 | D:2      | Found Gadoplea's Jewellery Shop.
  2909 | D:3      | Noticed Ijyb
  2925 | D:3      | Blown up by Ijyb

Illustrated notes

Levels and vault maps discovered:
D:1:      mrwooster_arrival_statue, layout_basic, nicolae_eternal_life,
          palyth_stone_intersect, nicolae_concentric_dashed_squares_wild,
          chequers_serial_rivers_small_3, minmay_liquid_box,
          minmay_misc_feat_more_columns, minmay_misc_feat_four_crosses,
          grunt_decor_one_mirror
D:2:      layout_loops_ring, serial_shops, shop, nicolae_shop_crystal,
          nicolae_lakefront_shop, nicolae_shop_just_a_little_nook,
          shop_fountains, shapermc_ecumenical_altar_notcrosses
D:3:      layout_loops_corners, ebering_dispersal_statue_hall, minmay_distorted,
          uniq_jessica, uniq_ijyb

Skill      XL: |  1  2  3 |
---------------+----------+-----
Dodging        | 2 |  2.6
Fighting       | 1 2 |  2.2
Stealth        | |  1.7
Spellcasting   | |  2.0
Transmutations | |  1.0
Poison Magic   | |  3.6

Action                     || total
---------------------------++-------
  Melee: Short sword       ||    55
         Punch             ||     1
         Tailslap          ||     3
   Cast: Sting             ||    74
         Poisonous Vapours ||     5
    Use: Scroll            ||     5
         Potion            ||     1
 Armour: Skin              ||    43
  Dodge: Dodged            ||    52

Table legend: (Time is in decaauts)
 A = Elapsed time spent in this place.
 B = Non-inter-level travel time spent in this place.
 C = Inter-level travel time spent in this place.
 D = Time resting spent in this place.
 E = Time spent auto-exploring this place.
 F = Levels seen in this place.
 G = Mean time per level.
                   A        B        C        D        E       F      G
               +--------+--------+--------+--------+--------+-----+--------+
         Total |   2928 |   2888 |     40 |    456 |   2033 |   3 |  976.0 |
       Dungeon |   2928 |   2888 |     40 |    456 |   2033 |   3 |  976.0 |
               +--------+--------+--------+--------+--------+-----+--------+

Top non-repeatable levels by time:
     D:1: 1366 daAuts
     D:2: 1070 daAuts
     D:3: 491 daAuts
